 Dungeon Crawl Stone Soup version 0.28.0-43-g3370ac3207 (webtiles) character file.

Game seed: 16702493897180066858

69 Arcadio the Skirmisher (level 4, -2/37 HPs)
             Began as a Palentonga Fighter on Mar 24, 2022.
             Splashed by a jelly's acid (5 damage)
             ... on level 4 of the Dungeon.
             The game lasted 00:03:12 (2366 turns).

Arcadio the Skirmisher (Palentonga Fighter)         Turns: 2366, Time: 00:03:12

Health: -2/37      AC: -4    Str: 21    XL:     4   Next: 2%
Magic:  4/4        EV:  7    Int:  8    God:
Gold:   107        SH:  4    Dex: 10    Spells: 3/3 levels left

rFire   . . .      SeeInvis +   a - +0 flail
rCold   . . .      Faith    .   c - +0 buckler
rNeg    . . .      Spirit   .   b - +0 scale mail
rPois   .          Reflect  .   (no helmet)
rElec   .          Harm     .   (no cloak)
rCorr   .          Rampage  .   e - +0 pair of gloves
Will    .....                   (no barding)
Stlth   ..........              (no amulet)
HPRegen 0.12/turn               (no ring)
MPRegen 0.09/turn               (no ring)

@: corroded
A: large, rugged brown scales 3, see invisible, deformed body, roll 1, armoured
tail
a: Rolling Charge


You were on level 4 of the Dungeon.
You visited 1 branch of the dungeon, and saw 4 of its levels.

You collected 107 gold pieces.

Inventory:

Hand Weapons
 a - a +0 flail (weapon)
Armour
 b - a +0 scale mail (worn)
 c - a +0 buckler (worn)
 e - a +0 pair of gloves (worn)
Scrolls
 g - a scroll of acquirement {unknown}
 k - a scroll of amnesia
 m - a scroll of blinking {unknown}
Potions
 d - a potion of might
 f - a potion of curing
 h - a potion of brilliance
 j - a potion of haste
 l - 2 potions of heal wounds {unknown}


   Skills:
 + Level 3.5 Fighting
 + Level 2.7 Maces & Flails
 + Level 2.9 Armour
 + Level 2.9 Shields


You had 3 spell levels left.
You didn't know any spells.
Your spell library contained the following spells:

 Spells                   Type           Power      Damage    Failure   Level
 Blink                    Tloc           0%         N/A       91%         2
 Conjure Flame            Conj/Fire      0%         6-21      99%         3
 Ignite Poison            Fire/Tmut/Pois 0%         N/A       99%         3
 Lesser Beckoning         Tloc           0%         N/A       99%         3
 Ozocubu's Armour         Ice            0%         N/A       99%         3
 Sticky Flame             Conj/Fire      0%         2d3       100%        4
 Manifold Assault         Tloc           0%         N/A       100%        5
 Metabolic Englaciation   Hex/Ice        0%         N/A       100%        5
 Simulacrum               Ice/Necr       0%         N/A       100%        6


Dungeon Overview and Level Annotations

Branches:
Dungeon (4/15)
 Temple: D:4-7

Altars:


Innate Abilities, Weirdness & Mutations

You are completely covered in rugged brown scales. (AC +3, +7% HP)
You have supernaturally acute eyesight. (SInv)
Armour fits poorly on your strangely shaped body.
You can roll at nearby foes to attack.
You have a long armoured tail.


Message History

There is a stone staircase leading down here.
There is a stone staircase leading down here.
Found a chain mail.
You see here a +0 chain mail.
Done exploring.
Done exploring.
(D) Dungeon
Where to? (Enter - D:3, ? - help)
There is a stone staircase leading down here.
You climb downwards.
There is a stone staircase leading up here.
As you read the scroll labelled GONWYZEWUS, it crumbles to dust.
It is a scroll of identify.
f - a potion of curing
As you read the scroll of identify, it crumbles to dust.
h - a potion of brilliance
As you read the scroll of identify, it crumbles to dust.
j - a potion of haste
Found a stone staircase leading down.
l - 2 metallic sapphire potions (gained 1)
Found 7 stones.
A jelly comes into view.
The jelly quivers.
The jelly hits you but does no damage.
You hit the jelly.
Your hands burn!
The jelly is moderately wounded.
The jelly closely misses you.
You hit the jelly.
Your hands burn!
The jelly is heavily wounded.
You block the jelly's attack.
You hit the jelly. The acid corrodes you!
Your hands burn!
The jelly is heavily wounded.
The jelly barely misses you.
You hit the jelly. The acid corrodes you!
Your hands burn!
The jelly is heavily wounded.
The jelly hits you.
You are splashed with acid!
The jelly hits you. The acid corrodes you!
You are splashed with acid!
* * * LOW HITPOINT WARNING * * *
You hit the jelly but do no damage.
Your hands burn!
You die...

# ...# #. #..# #+# # #.
#..# #.# #.#.# #..# #.#
^ ... ..# #####.##
^...##J###.# ##.##>..###
.......@...###..........
...###..........#....###
#####(###.#.##.## #.#
##.###.# #.# ### #.# ..#
#.# ### #.# #.# #.#


You could see a jelly.

Vanquished Creatures
  2 adders
  An orc (D:3)
  2 ball pythons
  5 bats
  3 endoplasms
  10 goblins
  5 hobgoblins
  6 jackals
  2 kobolds (D:1)
  2 frilled lizards
  3 rats
41 creatures vanquished.

Notes
Turn   | Place    | Note
-------+----------+-------------------------------------------
     0 | D:1      | Arcadio the Palentonga Fighter began the quest for the Orb.
     0 | D:1      | Reached XP level 1. HP: 19/19 MP: 1/1
   185 | D:1      | Found a faded altar of an unknown god.
   286 | D:1      | Reached XP level 2. HP: 20/25 MP: 2/2
  1092 | D:2      | Reached XP level 3. HP: 31/31 MP: 3/3
  2034 | D:3      | Reached XP level 4. HP: 37/37 MP: 4/4
  2366 | D:4      | Splashed by a jelly's acid

Illustrated notes

Levels and vault maps discovered:
D:1:      onia_arrival_pyramid, layout_basic, hellmonk_ecumenical_altar_zigzags
D:2:      layout_loops_corners
D:3:      layout_loops_ring
D:4:      layout_loops_corners, xom_teletrap_fun, ebering_ghost_disaster_area,
          st_stairs_11, minmay_misc_feat_chi, uniq_edmund, uniq_natasha

Action                   |  1- 3 |  4- 6 || total
-------------------------+-------+-------++-------
Melee: Flail             |    86 |     5 ||    91
       Tailslap          |    11 |       ||    11
 Abil: Rolling Charge    |     1 |       ||     1
  Use: Scroll            |     3 |     3 ||     6
Armor: Scale mail        |    55 |     1 ||    56
Dodge: Dodged            |    53 |     2 ||    55
Block: Buckler           |    20 |     1 ||    21
